 Dungeon Crawl Stone Soup version 0.29-a0-823-gc37b1572da (webtiles) character file.

Game seed: 807815307573940581

88431 buhh the Transmogrifier (level 15, 0/154 HPs)
             Began as an Octopode Transmuter on July 9, 2022.
             Was an Elder of Cheibriados.
             Slain by a naga mage
             ... wielding a +0 spear
              (12 damage)
             ... on level 2 of the Snake Pit.
             The game lasted 00:39:45 (34366 turns).

buhh the Transmogrifier (Octopode Transmuter)      Turns: 34366, Time: 00:39:45

Health: 0/154      AC:  1    Str: 21    XL:     15   Next: 93%
Magic:  42/42      EV: 22    Int: 39    God:    Cheibriados [****..]
Gold:   381        SH:  5    Dex: 21    Spells: 8/18 levels left

rFire   + . .      SeeInvis +     - Unarmed
rCold   + . .      Faith    .   (no shield)
rNeg    . . .      Spirit   .   (helmet restricted)
rPois   .          Reflect  +   f - amulet "Ugoeluq" {Reflect +Inv rElec Int+2 Dex-2 SH+5}
rElec   +          Harm     .   B - ring of resist corrosion
rCorr   +          Rampage  .   G - ring of magical power
Will    +....                   I - ring of flight
Stlth   ..........              h - ring of protection from fire
HPRegen 0.35/turn               J - ring of protection from cold
MPRegen 0.28/turn               K - ring of see invisible
                                L - ring of magical power
                                M - +6 ring of intelligence

@: berserking, lethally poisoned (0 -> -1), flying, studying Long Blades, very
slow
A: almost no armour, amphibious, 8 rings, camouflage 1, gelatinous body 1,
(nimble swimmer 1), tentacles
a: Renounce Religion, Evoke Invisibility, Bend Time, Temporal Distortion, Slouch


You were on level 2 of the Snake Pit.
You worshipped Cheibriados.
Cheibriados was greatly pleased with you.
You visited 5 branches of the dungeon, and saw 26 of its levels.

You collected 2285 gold pieces.
You spent 1904 gold pieces at shops.

Inventory:

Hand Weapons
 r - the +2 quarterstaff of Wu Jian's Generosity {vamp, rF- rCorr Str+7 SInv}
   (You found it on level 5 of the Lair of Beasts)

   It occasionally heals its wielder for a portion of the damage dealt when it
   wounds a living foe.
   Str:       It affects your strength (+7).
   rF:        It makes you vulnerable to fire.
   SInv:      It lets you see invisible.
   rCorr:     It protects you from acid and corrosion.
 v - the +10 dagger "Suocoufo" {vorpal, Drain rC+ Int+4}
   (You took it off a kobold on level 4 of the Dungeon)

   It inflicts extra damage upon your enemies.
   Int:       It affects your intelligence (+4).
   rC:        It protects you from cold.
   Drain:     It drains your maximum health when unequipped.
Missiles
 b - 38 poisoned darts
Magical Staves
 H - a staff of air
Jewellery
 f - the amulet "Ugoeluq" (around mantle) {Reflect +Inv rElec Int+2 Dex-2 SH+5}
   (You bought it in a shop on level 2 of the Orcish Mines)

   [amulet of reflection]

   It reflects blocked missile attacks.
   Int:       It affects your intelligence (+2).
   Dex:       It affects your dexterity (-2).
   rElec:     It insulates you from electricity.
   +Inv:      It lets you turn invisible.
   SH:        It affects your SH (+5).
 h - a ring of protection from fire (on tentacle)
 B - a ring of resist corrosion (left tentacle)
 G - a ring of magical power (right tentacle)
 I - a ring of flight (on tentacle)
 J - a ring of protection from cold (on tentacle)
 K - a ring of see invisible (on tentacle)
 L - a ring of magical power (on tentacle)
 M - a +6 ring of intelligence (on tentacle)
Wands
 a - a wand of polymorph (12)
 m - a wand of light (3)
 y - a wand of mindburst (19)
 z - a wand of digging (9)
 A - a wand of paralysis (18)
 C - a wand of iceblast (11)
 D - a wand of flame (31)
Scrolls
 e - 3 scrolls of enchant armour
 g - 3 scrolls of immolation {!d}
 n - 4 scrolls of fog
 o - 2 scrolls of magic mapping {!r!d}
 w - 6 scrolls of amnesia
 F - 4 scrolls of identify {!d}
 P - a scroll of silence {!r}
Potions
 d - 2 potions of magic {!q!d}
 i - 2 potions of degeneration
 j - 2 potions of flight
 k - 10 potions of brilliance {!q!d}
 l - 5 potions of attraction
 p - 5 potions of haste {!q!d}
 s - 3 potions of might
 u - 4 potions of mutation {!d}
 E - 4 potions of cancellation {!q!d}


   Skills:
 - Level 10.0 Fighting
 - Level 11.5 Dodging
 - Level 3.0 Stealth
 - Level 11.3 Unarmed Combat
 - Level 2.0 Spellcasting
 * Level 7.7 Translocations
 - Level 13.1 Transmutations
 - Level 10.0 Ice Magic
 - Level 2.0 Poison Magic
 - Level 13.0 Invocations


You had 8 spell levels left.
You knew the following spells:

 Your Spells              Type           Power      Damage    Failure   Level
a - Beastly Appendage     Tmut           100%       N/A       1%          1
b - Wereblood             Tmut           82%        N/A       1%          2
c - Spider Form           Tmut/Pois      58%        N/A       1%          3
d - Ice Form              Ice/Tmut       76%        N/A       1%          4

Your spell library contained the following spells:

 Spells                   Type           Power      Damage    Failure   Level
 Blink                    Tloc           100%       N/A       1%          2
 Ensorcelled Hibernation  Hex/Ice        84%        N/A       1%          2
 Passwall                 Tmut/Erth      44%        N/A       1%          2
 Lesser Beckoning         Tloc           59%        N/A       1%          3
 Passage of Golubria      Tloc           59%        N/A       1%          4
 Foxfire                  Conj/Fire      12%        2x1d4     4%          1
 Magic Dart               Conj           12%        1d3       4%          1
 Manifold Assault         Tloc           59%        N/A       4%          5
 Call Imp                 Summ           3%         N/A       6%          2
 Searing Ray              Conj           6%         2d4       6%          2
 Static Discharge         Conj/Air       3%         3-4/arc   6%          2
 Yara's Violent Unravell  Hex/Tmut       26%        3d11      9%          5
 Mephitic Cloud           Conj/Pois/Air  9%         N/A       10%         3
 Conjure Flame            Conj/Fire      3%         6-21      13%         3
 Dazzling Flash           Conj/Hex       6%         N/A       13%         3
 Inner Flame              Hex/Fire       3%         N/A       13%         3
 Swiftness                Air            3%         N/A       13%         3
 Tukima's Dance           Hex            3%         N/A       13%         3
 Corpse Rot               Necr/Pois/Air  9%         N/A       32%         4
 Anguish                  Hex/Necr       1%         N/A       38%         4
 Dispel Undead            Necr           3%         3d7       38%         4
 Flame Wave               Conj/Fire      3%         2d4       38%         4
 Fulminant Prism          Conj/Hex       1%         3d6       38%         4
 Sticky Flame             Conj/Fire      3%         2d3       38%         4
 Agony                    Necr           3%         N/A       75%         5
 Borgnjor's Vile Clutch   Necr/Erth      1%         N/A       75%         5
 Fireball                 Conj/Fire      1%         3d3       75%         5
 Silence                  Hex/Air        1%         N/A       75%         5
 Starburst                Conj/Fire      1%         6d3       100%        6
 Borgnjor's Revivificati  Necr           1%         N/A       100%        8
 Ignition                 Fire           1%         3d3       100%        8


Dungeon Overview and Level Annotations

Branches:
Dungeon (15/15) Zot: 39082  Temple (1/1) D:6 Zot: 8724    Lair (6/6) D:11 Zot: 36281
  Swamp (0/4) Lair:3        Snake (2/4) Lair:2 Zot: 16263   Slime (0/5) Lair:6
    Orc (2/2) D:12 Zot: 14244     Elf (0/3) Orc:2        Vaults (0/5) D:13
 Depths: D:15

Altars:
Ashenzari
Cheibriados
Dithmenos
Fedhas
Hepliaklqana
Kikubaaqudgha
Makhleb
Nemelex Xobeh
Okawaru
Qazlal
Ru
Sif Muna
Trog
Uskayaw
Vehumet
Wu Jian
Yredelemnul
Zin
The Shining One
Jiyva
Lugonu

Shops:
D:4 [(   D:5 (   D:7 [[   D:14 *   D:15 [*(*   Orc:1 :   Orc:2 =[=

Annotations:
D:4 1 runed translucent door, exclusions: door, jelly, kobold, orc and ufetubus, gobodom's ghost, amateur MiFi
D:8 exclusion: steam dragon
D:11 4 runed translucent doors, Lodul
D:12 2 transporters
D:14 Jorgrun
D:15 1 exclusion
Lair:1 exclusion: oklob plant
Lair:6 exclusion: obsidian statue


Innate Abilities, Weirdness & Mutations

You cannot wear most types of armour.
You are amphibious.
You can wear up to eight rings at the same time.
Your skin changes colour to match your surroundings (Stealth+).
Your rubbery body absorbs attacks. (AC +1, EV +1)
((You are camouflaged when in or above water. (Stealth+)))
You have tentacles for arms and can constrict up to eight enemies at once.


Message History

The naga is heavily wounded.
The naga spits poison at you.
The splash of poison hits you but does no damage.
You resist. The naga constricts you.
* * * LOW HITPOINT WARNING * * *
You hit the naga. You freeze the naga.
The naga is severely wounded.
The naga closely misses you. The naga constricts you.
* * * LOW HITPOINT WARNING * * *
You punch the naga! You freeze the naga.
You kill the naga!
Cheibriados appreciates the change of pace.
Things that are here:
a +0 hand axe; a naga corpse You start resting.
You warm up again.
A naga mage is nearby!
A naga mage is nearby!
Okay, then.
Aiming: Bolt of Light
Press: ? - help, Shift-Dir - straight line, f - naga mage
Aim: a naga mage, wielding a +0 spear (wandering, hasn't noticed you, 71% to hit)
The bolt of light hits the naga mage!
The naga mage is moderately wounded.
The naga mage shouts!
The naga mage is blinded.
You hear a shout! x2
The naga mage spits poison at you. The splash of poison hits you.
You are poisoned.
* * * LOW HITPOINT WARNING * * *
Really quaff
t - a potion of berserk rage {!q}?
A red film seems to cover your vision as you go berserk!
Cheibriados forces you to slow down.
You feel mighty!
You feel sick. The naga mage casts a spell at you.
The bolt of poison misses you.
You feel a strong urge to attack something.
You feel sick. The naga mage hits you with a +0 spear!
You die...

##. #. ..#
....#N####.#
N#
###........#
N#
#.........#
N# #....<..#
.# #...###.#
.# #.. #.#
[# ..N
#)###.###
###
#@##....#
#.NN....#
####....#
#....#
#....#
#....#
#....#
######


You could see a naga mage (blind, catching breath) and a naga.

Vanquished Creatures
  3 dire elephants (Lair:6)
  Josephine (D:10)
  An ettin (Orc:2)
  4 vault guards (D:13)
  5 boulder beetles
  Erolcha (Orc:1)
  3 naga warriors (Snake:1)
  4 hydras
  4 ogre magi (Orc:2)
  A catoblepas (D:14)
  An anaconda (Snake:1)
  12 two-headed ogres
  A spectral anaconda (Lair:6)
  4 necromancers (Lair:6)
  A lindwurm (Lair:6)
  An orc knight (Orc:1)
  2 wolf spider zombies (D:12)
  2 mana vipers (Snake:1)
  2 orc sorcerers (Orc:1)
  A deep elf pyromancer (D:12)
  2 manticores
  8 cyclopes
  An ugly thing (D:13)
  A dire elephant zombie (Lair:6)
  24 elephants
  3 centaur zombies (D:12)
  8 black mambas
  2 gargoyles
  13 cane toads
  3 naga magi (Snake:1)
  A kobold demonologist (D:11)
  4 rime drakes
  2 unseen horrors (D:13)
  8 komodo dragons
  2 tengu conjurers (D:13)
  2 polar bears
  5 trolls
  A meliai (shapeshifter) (D:14)
  Grinder (D:4)
  7 blink frogs
  A meliai zombie (D:12)
  7 slime creatures
  6 dream sheep (Lair:6)
  Sigmund (D:5)
  A shadow (D:12)
  3 vampires
  13 wraiths
  6 wyverns
  A basilisk (D:12)
  51 yaks
  4 vampire mosquitoes
  3 wargs
  2 steam dragons
  2 death yak simulacra (Lair:6)
  A spectral cane toad (Lair:6)
  13 water moccasins
  Edmund (D:5)
  An acid dragon (D:11)
  9 nagas
  17 orc warriors
  A black bear (D:5)
  2 ice beasts
  25 ogres
  An elephant zombie (Lair:6)
  7 wolves
  5 boggarts (D:14)
  7 centaurs
  An elephant skeleton (Lair:6)
  A kobold brigand (D:9)
  19 bullfrogs
  2 scorpions (D:6)
  2 gnoll sergeants
  A necrophage (D:5)
  2 cane toad simulacra (Lair:6)
  13 wights
  An elephant simulacrum (Lair:6)
  3 killer bees (D:9)
  2 howler monkeys (D:11)
  An electric eel (Lair:5)
  4 jellies
  10 orc priests
  2 iguanas
  A gnoll bouda (D:7)
  22 orc wizards
  Natasha (thrice) (D:2)
  Robin (D:2)
  12 adders
  10 gnolls
  2 river rats (D:6)
  A shadow imp (D:5)
  A white imp (D:4)
  2 ufetubi
  A worm (D:2)
  2 dart slugs
  59 orcs
  8 bats
  6 endoplasms
  5 giant cockroaches
  15 goblins
  15 hobgoblins
  4 jackals (D:4)
  19 kobolds
  3 quokkas
  8 ball pythons
  7 frilled lizards
  6 rats
620 creatures vanquished.

Vanquished Creatures (collateral kills)
  A two-headed ogre (Orc:2)
  Erica (D:10)
  An orc warrior (Orc:2)
  3 ogres (Orc:2)
  2 orc wizards (D:10)
  2 orcs (D:10)
10 creatures vanquished.

Vanquished Creatures (others)
  A naga mage (Snake:1)
  An orc (Orc:2)
  A bush (Lair:4)
  30 fungi
  38 plants
  32 withered plants
103 creatures vanquished.

Grand Total: 733 creatures vanquished

Notes
Turn   | Place    | Note
-------+----------+-------------------------------------------
     0 | D:1      | buhh the Octopode Transmuter began the quest for the Orb.
     0 | D:1      | Reached XP level 1. HP: 13/13 MP: 3/3
     4 | D:1      | Noticed a black mamba
     7 | D:1      | Noticed a black mamba
    34 | D:1      | Found a faded altar of an unknown god.
   119 | D:1      | Reached XP level 2. HP: 9/18 MP: 5/5
   644 | D:1      | Reached XP level 3. HP: 17/23 MP: 4/6
  1460 | D:2      | Noticed Natasha
  1623 | D:2      | Killed Natasha
  1624 | D:2      | Reached XP level 4. HP: 26/29 MP: 5/7
  1637 | D:2      | Noticed Natasha
  1738 | D:2      | Killed Natasha
  1998 | D:2      | Noticed Natasha
  2011 | D:2      | Killed Natasha
  2012 | D:2      | Reached XP level 5. HP: 32/35 MP: 8/8
  2188 | D:3      | Learned a level 2 spell: Wereblood
  2192 | D:3      | Learned a level 3 spell: Spider Form
  2198 | D:2      | Noticed Robin
  2212 | D:2      | Killed Robin
  2802 | D:3      | Reached XP level 6. HP: 14/42 MP: 7/9
  3380 | D:3      | Identified the +1 robe of Seevadaom {Stlth+}
  3755 | D:4      | Found Onneicaj's Armour Shoppe.
  3766 | D:4      | Noticed Grinder
  3768 | D:4      | Paralysed by Grinder for 2 turns
  3782 | D:4      | Killed Grinder
  3783 | D:4      | Reached XP level 7. HP: 45/47 MP: 8/10
  3820 | D:4      | Found Kaycs's Weapon Emporium.
  3923 | D:4      | Reached skill level 5 in Unarmed Combat
  3960 | D:4      | Identified the +10 dagger "Suocoufo" {vorpal, Drain rC+
                  | Int+4}
  4062 | D:4      | Found a runed translucent door.
  4063 | D:4      | Noticed gobodom's ghost (amateur MiFi)
  4273 | D:5      | Entered Level 5 of the Dungeon
  4593 | D:5      | Found Zash's Antique Weapon Boutique.
  4839 | D:5      | Noticed Sigmund
  4849 | D:5      | Killed Sigmund
  4955 | D:5      | Reached skill level 5 in Dodging
  4960 | D:5      | Reached XP level 8. HP: 33/54 MP: 8/11
  5240 | D:5      | Reached skill level 5 in Fighting
  5398 | D:5      | Noticed Edmund
  5439 | D:5      | Killed Edmund
  6130 | D:6      | Found a staircase to the Ecumenical Temple.
  6245 | Temple   | Entered the Ecumenical Temple
  6421 | Temple   | Became a worshipper of Cheibriados the Contemplative
  6933 | D:6      | Reached XP level 9. HP: 62/62 MP: 12/12
  7453 | D:6      | Reached * piety under Cheibriados
  7477 | D:6      | Reached skill level 5 in Transmutations
  8776 | D:7      | Found Ocreuma's Armour Boutique.
  8967 | D:7      | Learned a level 4 spell: Ice Form
  9391 | D:7      | Reached ** piety under Cheibriados
  9413 | D:7      | Found a broken altar of Ashenzari.
  9417 | D:7      | Saw a vision of the Swamp and the Snake Pit.
  9417 | D:7      | Noticed a black mamba
  9417 | D:7      | Noticed a salamander
  9417 | D:7      | Noticed an alligator
  9417 | D:7      | Noticed an anaconda
  9417 | D:7      | Noticed a shock serpent
  9418 | D:7      | Noticed a shock serpent
  9418 | D:7      | Noticed a goliath frog
  9544 | D:7      | Reached skill level 8 in Dodging
  9739 | D:7      | Found Muidueg's Antique Armour Emporium.
  9876 | D:8      | Reached XP level 10. HP: 68/68 MP: 9/13
  9994 | D:8      | Found a radiant altar of Vehumet.
 10021 | D:8      | Reached skill level 8 in Unarmed Combat
 10120 | D:8      | Identified the +1 ring mail of Himos {Str+4}
 10397 | D:8      | Found an iron altar of Okawaru.
 11424 | D:9      | Reached *** piety under Cheibriados
 11425 | D:9      | Reached skill level 5 in Ice Magic
 12099 | D:9      | Found a faded altar of an unknown god.
 12100 | D:9      | Found a hazy altar of Hepliaklqana.
 12900 | D:10     | Entered Level 10 of the Dungeon
 13188 | D:10     | Found a blossoming altar of Fedhas.
 13224 | D:10     | Noticed a gargoyle
 13235 | D:10     | Killed a gargoyle
 13236 | D:10     | Reached XP level 11. HP: 65/72 MP: 6/14
 13339 | D:10     | Noticed Erica
 13347 | D:10     | Killed Erica
 13701 | D:10     | Found a bloodstained altar of Trog.
 13710 | D:10     | Found an ancient bone altar of Kikubaaqudgha.
 13954 | D:11     | Noticed Josephine
 13963 | D:10     | Killed Josephine
 14378 | D:11     | Found a staircase to the Lair.
 14450 | Lair:1   | Entered Level 1 of the Lair of Beasts
 14457 | D:11     | Reached **** piety under Cheibriados
 14831 | Lair:1   | Reached skill level 10 in Dodging
 14867 | Lair:1   | Reached skill level 10 in Unarmed Combat
 15346 | Lair:1   | Noticed an oklob plant
 15766 | Lair:1   | Reached ***** piety under Cheibriados
 15850 | Lair:1   | Reached XP level 12. HP: 75/80 MP: 10/15
 16460 | Lair:2   | Found a staircase to the Snake Pit.
 17045 | Lair:3   | Reached skill level 8 in Transmutations
 17088 | Lair:3   | Reached skill level 8 in Ice Magic
 17154 | Lair:3   | Found a staircase to the Swamp.
 18356 | Lair:4   | Reached skill level 8 in Fighting
 18578 | Lair:4   | Identified the +5 ring mail of the Dungeon {rN+ rCorr Int-4
                  | Dex+2}
 18685 | Lair:4   | Found an ornate altar of the Wu Jian Council.
 18845 | Lair:4   | Reached XP level 13. HP: 89/90 MP: 11/16
 19681 | Lair:5   | Identified the +2 quarterstaff of Wu Jian's Generosity
                  | {vamp, rF- rCorr Str+7 SInv}
 19807 | Lair:5   | Reached ****** piety under Cheibriados
 20630 | Lair:6   | Entered Level 6 of the Lair of Beasts
 20647 | Lair:5   | Reached skill level 10 in Fighting
 21020 | Lair:6   | Reached skill level 5 in Invocations
 21310 | Lair:6   | Found a viscous altar of Jiyva.
 21317 | Lair:6   | Found a staircase to the Slime Pits.
 21332 | Lair:6   | Reached skill level 8 in Invocations
 21846 | Lair:6   | Noticed a dire elephant
 21846 | Lair:6   | Noticed a dire elephant
 21874 | Lair:6   | Noticed a dire elephant
 21889 | Lair:6   | Killed a dire elephant
 22098 | Lair:6   | Reached XP level 14. HP: 99/99 MP: 16/21
 22122 | Lair:6   | Reached skill level 10 in Invocations
 22624 | Lair:6   | Killed a dire elephant
 23270 | Lair:6   | Killed a dire elephant
 24309 | D:11     | Found a runed translucent door.
 24313 | D:11     | Found a runed translucent door.
 24432 | D:11     | Found a runed translucent door.
 24448 | D:11     | Found a runed translucent door.
 24499 | D:11     | Noticed Lodul
 24817 | D:12     | Found a transporter.
 24829 | D:12     | Found a transporter.
 24830 | D:12     | Found a corrupted altar of Lugonu.
 26003 | D:12     | Found a staircase to the Orcish Mines.
 26459 | D:12     | Got the Discursus on the Crypt
 26978 | Orc:1    | Entered Level 1 of the Orcish Mines
 26983 | Orc:1    | Reached skill level 10 in Transmutations
 27093 | Orc:1    | Found a shimmering blue altar of Sif Muna.
 27226 | Orc:1    | Noticed Erolcha
 27230 | Orc:1    | Killed Erolcha
 27353 | Orc:2    | Entered Level 2 of the Orcish Mines
 27744 | Orc:2    | Found a staircase to the Elven Halls.
 27818 | Orc:2    | Reached XP level 15. HP: 45/103 MP: 24/24
 28739 | Orc:2    | Found Viler's Jewellery Emporium.
 28739 | Orc:2    | Found Evvew's Armour Shop.
 28740 | Orc:2    | Found Ridwux's General Store.
 28740 | Orc:2    | Found Sat Tiekk's Jewellery Shoppe.
 29081 | Orc:2    | Bought the amulet "Ugoeluq" {Reflect +Inv rElec Int+2 Dex-2
                  | SH+5} for 714 gold pieces
 29087 | Orc:2    | Bought a ring of protection from fire for 350 gold pieces
 29090 | Orc:2    | Bought a ring of protection from cold for 350 gold pieces
 29094 | Orc:2    | Bought a ring of see invisible for 210 gold pieces
 29456 | Orc:1    | Found Pixopt's Book Shop.
 29802 | Orc:2    | Bought a ring of magical power for 280 gold pieces
 30315 | D:13     | Found a gate to the Vaults.
 30668 | D:13     | Found a sacrificial altar of Ru.
 31051 | D:14     | Reached skill level 10 in Ice Magic
 31134 | D:14     | Found Haoschu's Changing Room.
 31360 | D:14     | Noticed Jorgrun
 31841 | D:15     | Entered Level 15 of the Dungeon
 31894 | D:15     | Found Viokk's Weapon Shoppe.
 32078 | D:15     | Reached skill level 5 in Translocations
 32124 | D:15     | Found Gaull's Armour Emporium.
 32227 | D:15     | Found Tesos's General Store.
 32382 | D:15     | Found Qiusaush's Assorted Antiques.
 32756 | Snake:1  | Entered Level 1 of the Snake Pit
 34366 | Snake:2  | Slain by a naga mage

Illustrated notes

Levels and vault maps discovered:
D:1:      sevenhm_arrival_forest_fort_small_2, layout_basic,
          ebering_ecumenical_altar_box, bh_walls_and_bars
D:2:      layout_loops_cross, uniq_natasha, uniq_robin
D:3:      layout_rooms, minmay_surrounded
D:4:      kennysheep_big_flooded_room, layout_basic, grunt_gozag_statues,
          ebering_ghost_reflecting_pool, serial_shops,
          nicolae_shop_temple_entry_statues_fountains, shop_statue,
          nicolae_shop_bloodbath_and_beyond, uniq_grinder
D:5:      layout_cave_pools, serial_shops, nicolae_diamond_shop,
          grunt_ministairs_9, hangedman_decor_lopped, uniq_edmund, uniq_sigmund
D:6:      layout_loops_ring, minmay_temple_entry_wispy,
          lightli_sewer_entry_pipes
D:7:      layout_cave_pools, grunt_ashenzari_visionary
          [grunt_ashenzari_visionary_swamp, grunt_ashenzari_visionary_snake],
          serial_shops, nicolae_shop_stone, nicolae_shop_stone,
          nicolae_fountain_basement
D:8:      layout_gridville, mainiacjoe_overflow_paths, old_standard_altar
D:9:      layout_loops_corners, beargit_hepliaklqana_dungeon_heroes
D:10:     layout_stronghold, mainiacjoe_overflow_swirl,
          mainiacjoe_overflow_alcove_1, uniq_erica
D:11:     layout_rooms, dpeg_oklobed_lair, minmay_statue_crystal_thing,
          uniq_josephine, uniq_lodul
D:12:     gammafunk_corrupted_shrine, layout_loops_ring, orc_0_dummy,
          serial_undead, serial_undead_a, serial_undead_a, serial_undead_c,
          serial_undead_f, minmay_fractal_squares_5
D:13:     layout_rooms, lightli_vaults_fourway_checkpoint, serial_curves,
          eino_curves_02, eino_curves_02, nicolae_ru_path_of_blood
D:14:     layout_roguey, chequers_serial_rivers_room_b,
          nicolae_transmutations_shop, uniq_jorgrun
D:15:     grunt_enter_depths_hoard, layout_irregular_city, serial_shops,
          nicolae_shop_competitors_out_of_business, shop,
          nicolae_lakefront_shop, shop
Temple:   nicolae_temple_two_arcs
Lair:1:   layout_small_grid, minmay_lair_oklob_items, beast_lair_carwin_4,
          grunt_megastairs_3, lemuel_fruit_fields
Lair:2:   layout_regular_city, dummy_snake_entry
Lair:3:   layout_small_grid, swamp_mist, st_stairs_12
Lair:4:   layout_hall_layers, basic_altar, beast_lair_carwin_8,
          lemuel_fruit_fields
Lair:5:   layout_long_grid, serial_forest, infiniplex_forest_clump_curved,
          infiniplex_forest_corner_1, infiniplex_forest_corner_2,
          infiniplex_forest_clump_diagonal, infiniplex_forest_lined_room_3,
          infiniplex_forest_end_2, infiniplex_forest_clump_diagonal,
          grunt_megastairs_4, infiniplex_staircase_pool_2, serial_bayou_shore_a
Lair:6:   due_jungle_book, layout_loops_ring, minmay_slime_entry_pillars,
          nicolae_lair_lil_pond
Snake:1:  layout_gridlike
Snake:2:  layout_rooms, serial_shops, shop
Orc:1:    nicolae_orc_accident_2, layout_diamond_mine, serial_shops, shop,
          kennysheep_orc_sif_temple, uniq_erolcha
Orc:2:    st_orc_ogre_mass, layout_caves

Skill      XL: |  1  2  3  4  5  6  7  8  9 10 11 12 13 14 15 |
---------------+----------------------------------------------+-----
Stealth        | 1 2 3 |  3.0
Poison Magic   | 1 2 |  2.0
Fighting       | 2 3 4 6 8 10 | 10.0
Dodging        | 3 4 5 6 8 9 10 11 | 11.5
Unarmed Combat | 4 5 6 7 9 10 11 | 11.3
Transmutations | 3 5 7 9 11 13 | 13.1
Ice Magic      | 2 5 7 9 10 | 10.0
Invocations    | 9 13 | 13.0
Translocations | 7 |  7.7
Spellcasting   | |  2.0

Action                   |  1- 3 |  4- 6 |  7- 9 | 10-12 | 13-15 || total
-------------------------+-------+-------+-------+-------+-------++-------
Melee: Unarmed           |    78 |   110 |   269 |   418 |   765 ||  1640
       Constrict         |    19 |    40 |    30 |     5 |       ||    94
       Kick              |    24 |    32 |    29 |       |       ||    85
       Tentacles         |    12 |    16 |    25 |     4 |       ||    57
       Punch             |     1 |     4 |     6 |     1 |       ||    12
Throw: Dart              |       |       |       |     2 |       ||     2
 Cast: Beastly Appendage |    26 |    28 |    34 |     1 |       ||    89
       Wereblood         |       |     2 |     4 |    11 |    11 ||    28
       Spider Form       |       |     1 |    22 |     6 |     1 ||    30
       Ice Form          |       |       |     2 |    62 |   115 ||   179
Invok: Bend Time         |       |       |       |     1 |     1 ||     2
       Slouch            |       |       |       |       |    11 ||    11
       Step From Time    |       |       |       |       |     7 ||     7
Evoke: Wand              |       |       |     5 |     4 |    19 ||    28
  Use: Potion            |       |     1 |     4 |     3 |    18 ||    26
       Scroll            |       |       |    12 |    16 |    17 ||    45
 Stab: Sleeping          |     8 |     6 |     9 |     4 |     6 ||    33
       Invisible         |       |       |       |       |     2 ||     2
Armor: Skin              |     3 |    13 |    60 |   108 |   188 ||   372
Dodge: Dodged            |    43 |    59 |   225 |   453 |   721 ||  1501
Block: Other             |       |       |       |       |    50 ||    50
       Reflection        |       |       |       |       |     5 ||     5

Table legend: (Time is in decaauts)
 A = Elapsed time spent in this place.
 B = Non-inter-level travel time spent in this place.
 C = Inter-level travel time spent in this place.
 D = Time resting spent in this place.
 E = Time spent auto-exploring this place.
 F = Levels seen in this place.
 G = Mean time per level.
                   A        B        C        D        E       F      G
               +--------+--------+--------+--------+--------+-----+--------+
         Total |  42930 |  41174 |   1756 |   6753 |  29515 |  26 | 1651.2 |
       Dungeon |  24526 |  23582 |    944 |   3570 |  17335 |  15 | 1635.1 |
        Temple |    186 |    176 |     10 |      0 |    164 |   1 |  186.0 |
          Lair |  12729 |  12161 |    568 |   1180 |   9814 |   6 | 2121.5 |
     Snake Pit |   1735 |   1735 |      0 |   1108 |    198 |   2 |  867.5 |
  Orcish Mines |   3751 |   3518 |    233 |    893 |   2003 |   2 | 1875.5 |
               +--------+--------+--------+--------+--------+-----+--------+

Top non-repeatable levels by time:
  Lair:6: 3820 daAuts
    D:12: 2839 daAuts
   Orc:2: 2743 daAuts
     D:6: 2390 daAuts
  Lair:4: 2197 daAuts
     D:9: 2146 daAuts
  Lair:5: 1986 daAuts
     D:8: 1975 daAuts
  Lair:1: 1857 daAuts
    D:10: 1820 daAuts
 Snake:1: 1701 daAuts
     D:1: 1698 daAuts
     D:7: 1690 daAuts
    D:11: 1647 daAuts
    D:14: 1583 daAuts
